 Dungeon Crawl Stone Soup version 0.26.0-18-gc5c842f807 (webtiles) character file.

Game seed: 13385789275717091794

109 pkoi the Slasher (level 4, -5/37 HPs)
             Began as a Minotaur Gladiator on Jan 22, 2021.
             Was a Follower of Ru.
             Killed by divine providence
             ... invoked by an orc priest
              (13 damage)
             ... on level 3 of the Dungeon.
             The game lasted 00:02:54 (2534 turns).

pkoi the Slasher (Minotaur Gladiator)               Turns: 2534, Time: 00:02:54

Health: -5/37      AC:  5    Str: 19    XL:     4   Next: 59%
Magic:  3/3        EV: 13    Int:  5    God:    Ru [*.....]
Gold:   213        SH:  0    Dex: 12    Spells: 3/3 levels left

rFire    . . .     SeeInvis .   a - +0 long sword
rCold    . . .     Faith    .   (no shield)
rNeg     . . .     Spirit   .   b - +0 leather armour
rPois    .         Reflect  .   c - +1 hat
rElec    .         Harm     .   (no cloak)
rCorr    .         Rampage  .   i - +0 pair of gloves
Will     .....                  (no boots)
Stlth    +.........             (no amulet)
HPRegen  0.12/turn              (no ring)
MPRegen  0.08/turn              (no ring)

@: slowed, very slow
A: retaliatory headbutt, horns 2, hated by all
a: Renounce Religion


You were on level 3 of the Dungeon.
You worshipped Ru.
Ru was aware of your devotion.
You visited 1 branch of the dungeon, and saw 3 of its levels.

You collected 213 gold pieces.

Inventory:

Hand Weapons
 a - a +0 long sword (weapon)
Missiles
 d - 3 throwing nets (quivered)
 n - 9 poisoned darts
Armour
 b - a +0 leather armour (worn)
 c - a +1 hat (worn)
 i - a +0 pair of gloves (worn)
Scrolls
 e - 3 scrolls of fog
 f - 2 scrolls of identify
 g - 2 scrolls of magic mapping
 k - 3 scrolls of enchant armour
 o - a scroll of remove curse
Potions
 h - a potion of haste {unknown}
 j - 2 potions of heal wounds {unknown}
 l - 3 potions of curing {unknown}
 m - a potion of berserk rage {unknown}


   Skills:
 - Level 2.4 Fighting
 + Level 6.0 Long Blades
 + Level 2.8 Throwing
 - Level 3.2 Dodging


You had 3 spell levels left.
You didn't know any spells.
Your spell library was empty.

Dungeon Overview and Level Annotations

Branches:
Dungeon (3/15)

Altars:
Ashenzari
Qazlal
Ru
Sif Muna
Vehumet
Yredelemnul


Innate Abilities, Weirdness & Mutations

You reflexively headbutt those who attack you in melee.
You have a pair of horns on your head.
You are hated by all.


Message History

Unknown command.
You are too injured to fight recklessly!
You slash the orc!
You kill the orc!
The orc priest looks satisfied for a moment.
The orc priest calls down the wrath of Beogh upon you.
Pain shoots through your body!
* * * LOW HITPOINT WARNING * * *
Unknown command.
The orc priest begins to pray, but is stunned by your conviction!
The orc priest casts a cantrip, but nothing happens.
The orc wizard gestures wildly while chanting.
The orc wizard seems to speed up.
The orc wizard mumbles some strange words.
The orc wizard blinks!
The orc priest calls down the wrath of Beogh upon you.
You barely resist.
The orc priest calls down the wrath of Beogh upon you.
Beogh smites you!
You die...

###......#######o########.....#.#
#......##.....................#
#......##.....ยง............#..#
###.##...##............)(....#..#
..#.##...#######o#..............#
.......#########.#...............
...............#.#.............>.
...............#.#...............
...............#@#...............
..#.#..[............o............
#.#.#....####....................
._..#....# #............(.......
#.#.#....####.....)..............
#...............##...............
##############..##...............
..........)!....##...............
###.#.#######...##........,......


You could see an orc priest and an orc wizard (fast).

Vanquished Creatures
  3 adders
  A worm (D:3)
  4 dart slugs
  A leopard gecko (D:2)
  2 orcs (D:3)
  8 bats
  4 giant cockroaches
  14 goblins
  8 hobgoblins
  3 jackals (D:1)
  7 kobolds
  4 frilled lizards
  5 rats
  2 bushes (D:2)
66 creatures vanquished.

Vanquished Creatures (others)
  A bat (D:1)
  A rat (D:3)
2 creatures vanquished.

Grand Total: 68 creatures vanquished

Notes
Turn   | Place    | Note
-------+----------+-------------------------------------------
     0 | D:1      | pkoi the Minotaur Gladiator began the quest for the Orb.
     0 | D:1      | Reached XP level 1. HP: 18/18 MP: 0/0
   118 | D:1      | Reached skill level 4 in Long Blades
   246 | D:1      | Reached XP level 2. HP: 25/25 MP: 1/1
   505 | D:1      | Reached skill level 5 in Long Blades
   603 | D:1      | Reached XP level 3. HP: 30/30 MP: 2/2
  1032 | D:2      | Found a radiant altar of Vehumet.
  1032 | D:2      | Found a stormy altar of Qazlal.
  1038 | D:2      | Found a faded altar of an unknown god.
  1040 | D:2      | Found a basalt altar of Yredelemnul.
  1042 | D:2      | Found a sacrificial altar of Ru.
  1058 | D:2      | Became a worshipper of Ru the Awakened
  2069 | D:3      | Reached XP level 4. HP: 37/37 MP: 3/3
  2163 | D:3      | Found a broken altar of Ashenzari.
  2227 | D:3      | Gained mutation: You are hated by all. [Ru sacrifice]
  2227 | D:3      | Reached * piety under Ru
  2376 | D:3      | Reached skill level 6 in Long Blades
  2419 | D:3      | Found a shimmering blue altar of Sif Muna.
  2534 | D:3      | Killed from afar by an orc priest

Illustrated notes

Levels and vault maps discovered:
D:1:      lemuel_arrival_funnel, layout_loops_ring, lemuel_old_faithful
D:2:      layout_loops_corners, chequers_temple_overflow_minitemple,
          serial_forest, infiniplex_forest_straight_4,
          infiniplex_forest_straight_4, infiniplex_forest_end_2,
          infiniplex_forest_3_way, infiniplex_forest_lined_corner,
          infiniplex_forest_zigzag_2, infiniplex_forest_clump_long,
          minmay_box_of_dots
D:3:      layout_basic, lemuel_crystal_altar, nicolae_overflow_crystal_walls,
          general_overflow_altar, grunt_dithmenos_smoke_and_mirrors

Skill      XL: |  1  2  3  4 |
---------------+-------------+-----
Long Blades    | 4 5 6 |  6.0
Fighting       | |  2.4
Throwing       | |  2.8
Dodging        | |  3.2

Action                   |  1- 3 |  4- 6 || total
-------------------------+-------+-------++-------
Melee: Long sword        |   170 |    31 ||   201
       Headbutt          |    51 |     5 ||    56
Invok: Sacrifice Love    |       |     1 ||     1
  Use: Scroll            |     5 |     2 ||     7
 Stab: Sleeping          |     1 |       ||     1
Armor: Leather armour    |    25 |    11 ||    36
Dodge: Dodged            |    48 |    26 ||    74
       Rpst.: Long sword |     8 |     6 ||    14
